 Dungeon Crawl Stone Soup version 0.27.1-33-g824d729ab1 (webtiles) character file.

Game seed: 13088711005746548029

58 Gabide the Cudgeller (level 4, 0/35 HPs)
             Began as a Human Chaos Knight on Dec 11, 2021.
             Was a Plaything of Xom.
             Slain by a warg (9 damage)
             ... on level 2 of the Dungeon.
             The game lasted 00:01:40 (1875 turns).

Gabide the Cudgeller (Human Chaos Knight)           Turns: 1875, Time: 00:01:40

Health: 0/35       AC:  5    Str: 13    XL:     4   Next: 20%
Magic:  4/4        EV: 11    Int: 14    God:    Xom [.*....]
Gold:   51         SH:  0    Dex: 13    Spells: 3/3 levels left

rFire    + . .     SeeInvis .   a - +0 mace (chaos)
rCold    . . .     Faith    .   (no shield)
rNeg     . . .     Spirit   .   b - +2 leather armour
rPois    .         Reflect  .   (no helmet)
rElec    .         Harm     .   (no cloak)
rCorr    .         Rampage  .   (no gloves)
Will     .....                  (no boots)
Stlth    +.........             (no amulet)
HPRegen  0.11/turn              (no ring)
MPRegen  0.09/turn              (no ring)

@: no status effects
A: clever 1, fire resistance 1, evolution 1
a: Renounce Religion


You were on level 2 of the Dungeon.
You worshipped Xom.
You were a plaything of Xom.
You visited 1 branch of the dungeon, and saw 2 of its levels.

You collected 51 gold pieces.

Inventory:

Hand Weapons
 a - a +0 mace of chaos (weapon)
Armour
 b - a +2 leather armour (worn)
Jewellery
 h - a ring of ice
Scrolls
 g - a scroll of identify
Potions
 c - a potion of mutation {unknown}
 d - a potion of degeneration
 e - 2 potions of cancellation {unknown}
 f - a potion of haste {unknown}
 i - a potion of curing {unknown}


   Skills:
 + Level 3.3 Fighting
 * Level 4.2 Maces & Flails
 + Level 2.3 Armour
 + Level 1.2 Dodging
 + Level 0.1 Stealth


You had 3 spell levels left.
You didn't know any spells.
Your spell library contained the following spells:

 Spells                   Type           Power      Damage    Failure   Level
 Pain                     Necr           0%         1d4       36%         1
 Shock                    Conj/Air       0%         1d3       36%         1
 Swiftness                Air            0%         N/A       73%         3
 Airstrike                Air            0%         N/A       98%         4
 Agony                    Necr           0%         N/A       100%        5
 Excruciating Wounds      Necr           0%         N/A       100%        5


Dungeon Overview and Level Annotations

Branches:
Dungeon (2/15)

Altars:


Innate Abilities, Weirdness & Mutations

Your mind is acute. (Int +2)
Your flesh is heat resistant. (rF+)
You evolve.


Message History

a +0 dagger; a goblin corpse
Found a book of Air.
You pick up a book of Air and begin reading...
You add the spells Shock, Swiftness and Airstrike to your library.
Found 18 stones.
A worm comes into view.
A worm is nearby!
A worm is nearby!
The worm barely misses you.
You hit the worm.
The worm evaporates and reforms as a warg!
Xom is mildly amused.
The warg closely misses you.
You hit the warg.
The warg is poisoned.
The warg is lightly wounded. "Let's try an experiment, hmmm?"
Your eyebrows wriggle.
The warg bites you! The warg closely misses you.
You hit the warg.
The warg is moderately wounded.
The warg barely misses you.
You barely miss the warg.
The warg is heavily wounded.
The warg bites you. The warg bites you!
* * * LOW HITPOINT WARNING * * *
You are too injured to fight recklessly!
You are too injured to fight recklessly!
You are too injured to fight recklessly!
You are too injured to fight recklessly!
You are too injured to fight recklessly!
You are too injured to fight recklessly!
You are too injured to fight recklessly!
You are too injured to fight recklessly!
You are too injured to fight recklessly!
You are too injured to fight recklessly!
You are too injured to fight recklessly!
You are too injured to fight recklessly!
You are too injured to fight recklessly!
The warg bites you!
You die...
Xom bursts into laughter!

.....#.# ... ...###.# ...
.).###.###### ...
............# #.#
...###.####.# #.# #### #.#
#.# #.# .#####)####.#
##.#####
#.........(.###.h....######
#.#
.#####.####.....@.........#
#.# .......#
#####..>...#.##.# #.#
.#####.# #...#.##.##.# #.#
.# ##.#.#..##.##.# #.# .#
........##.##.# #.# .#
##.#.#.)##.##.# #.# .#
##...........# #.# ##
#####....#>.#####.# #
###..#........#


You could see a warg (poisoned).

Vanquished Creatures
  A gnoll (D:1)
  An adder (D:2)
  A dart slug (D:1)
  2 ball pythons
  3 bats
  An endoplasm (D:1)
  A giant cockroach (D:1)
  4 goblins
  6 hobgoblins
  4 quokkas (D:1)
  3 frilled lizards (D:1)
  A kobold (D:2)
  6 rats (D:1)
34 creatures vanquished.

Notes
Turn   | Place    | Note
-------+----------+-------------------------------------------
     0 | D:1      | Gabide the Human Chaos Knight began the quest for the Orb.
     0 | D:1      | Reached XP level 1. HP: 18/18 MP: 1/1
    38 | D:1      | XOM: divination: magic mapping
    43 | D:1      | Reached XP level 2. HP: 9/24 MP: 2/2
   433 | D:1      | XOM: silly message
   514 | D:1      | Reached XP level 3. HP: 17/29 MP: 3/3
   695 | D:1      | XOM: silly message
   854 | D:1      | XOM: silly message
  1072 | D:1      | Found a faded altar of an unknown god.
  1111 | D:2      | XOM: noise
  1356 | D:2      | Reached skill level 4 in Maces & Flails
  1610 | D:2      | Reached XP level 4. HP: 29/35 MP: 4/4
  1810 | D:2      | XOM: give mutations
  1810 | D:2      | Gained mutation: Your flesh is heat resistant. (rF+) [Xom's
                  | grace]
  1810 | D:2      | Gained mutation: Your mind is acute. (Int +2) [Xom's grace]
  1810 | D:2      | Gained mutation: You evolve. [Xom's grace]
  1870 | D:2      | Noticed a warg
  1870 | D:2      | a worm changed into a warg
  1871 | D:2      | XOM: silly message
  1875 | D:2      | Slain by a warg

Illustrated notes

Levels and vault maps discovered:
D:1:      onia_arrival_handbag, layout_basic,
          dilly_ecumenical_altar_fadedgnrine, minmay_quantized
D:2:      layout_loops_ring

Skill      XL: |  1  2  3 |
---------------+----------+-----
Maces & Flails | 4 |  4.2
Fighting       | |  3.3
Armour         | |  2.3
Dodging        | |  1.2
Stealth        | |  0.1

Action                   |  1- 3 |  4- 6 || total
-------------------------+-------+-------++-------
Melee: Mace              |    71 |    12 ||    83
  Use: Scroll            |     5 |       ||     5
 Stab: Sleeping          |     2 |       ||     2
       Confused          |     1 |       ||     1
Armor: Leather armour    |    24 |     6 ||    30
Dodge: Dodged            |    42 |     6 ||    48
